 Dungeon Crawl Stone Soup version 0.21-a0-440-g28109cb (webtiles) character file.

130 AverageBear the Cutter (level 4, 0/27 HPs)
             Began as a Deep Elf Fighter on Nov 11, 2017.
             Slain by a bullfrog skeleton (2 damage)
             ... on level 3 of the Dungeon.
             The game lasted 00:02:08 (1486 turns).

AverageBear the Cutter (Deep Elf Fighter)           Turns: 1486, Time: 00:02:09

Health: 0/27       AC:  7    Str: 14    XL:     4   Next: 89%
Magic:  6/6        EV:  6    Int: 13    God:
Gold:   43         SH:  8    Dex: 14    Spells: 3/3 levels left

rFire    . . .     SeeInvis .   a - +1 rapier
rCold    . . .     Gourm    .   c - +0 shield
rNeg     . . .     Faith    .   b - +0 scale mail
rPois    .         Spirit   .   m - +0 helmet
rElec    .         Reflect  .   (no cloak)
rCorr    .         Harm     .   (no gloves)
MR       .....                  (no boots)
Stlth    ..........             (no amulet)
HPRegen  0.09/turn              (no ring)
MPRegen  0.10/turn              (no ring)

@: lethally poisoned (0 -> -1)
A: no striking features
a: no special abilities


You were on level 3 of the Dungeon.
You were not hungry.

You visited 1 branch of the dungeon, and saw 3 of its levels.

You collected 43 gold pieces.

Inventory:

Hand Weapons
 a - a +1 rapier (weapon)
Armour
 b - a +0 scale mail (worn)
 c - a +0 shield (worn)
 m - a +0 helmet (worn)
Jewellery
 v - an uncursed amulet of faith
Scrolls
 e - a scroll of teleportation
 g - a scroll of enchant weapon
 h - a scroll of remove curse
 l - a scroll of fog
 o - a scroll of identify
 s - a scroll of magic mapping
Potions
 d - a potion of might
 i - 2 potions of curing
 n - 2 potions of brilliance {unknown}
 q - a potion of ambrosia {unknown}
 w - 2 potions of degeneration {unknown}
Comestibles
 f - 2 bread rations
 j - a meat ration
 k - a royal jelly
 p - a fruit
 r - 2 chunks of flesh


   Skills:
 - Level 2.4 Fighting
 + Level 5.1 Short Blades
 - Level 2.4 Armour
 - Level 2.4 Shields


You had 3 spell levels left.
You didn't know any spells.

Dungeon Overview and Level Annotations

Branches:
Dungeon (3/15)

Altars:


Message History

You are too injured to fight recklessly!
You are too injured to fight recklessly!
Your shield and scale mail prevent you from hitting the bullfrog skeleton.
The bullfrog skeleton hits you.
* * * LOW HITPOINT WARNING * * *
You puncture the bullfrog skeleton!
The bullfrog skeleton is moderately damaged.
You block the bullfrog skeleton's attack.
You hit the bullfrog skeleton.
The bullfrog skeleton is heavily damaged.
The bullfrog skeleton hits you.
* * * LOW HITPOINT WARNING * * *
Your shield prevents you from hitting the bullfrog skeleton.
The bullfrog skeleton is heavily damaged.
You feel sick. The bullfrog skeleton hits you.
* * * LOW HITPOINT WARNING * * *
You puncture the bullfrog skeleton!
The bullfrog skeleton is almost destroyed.
The bullfrog skeleton hits you.
You die...

#.##............####
#.####..........#
#.# ##.........# #.#
#.....#....# #.#
#.###.##.#..# #.#
#># #.##.#..# #.#
#.##..# .# .#
#(####.#...##.#(
#..@Zg...#......
######.#...##..
#..l.....#
####Z##### .# .# g#
l# .#


You could see a hobgoblin and a bullfrog skeleton.

Vanquished Creatures
  Terence (D:2)
  Jessica (D:2)
  2 adders (D:3)
  An ooze (D:1)
  2 worms
  3 dart slugs
  A leopard gecko (D:2)
  7 goblins
  3 hobgoblins (D:1)
  3 kobolds
  A ball python (D:3)
  10 bats
  6 frilled lizards
  7 rats
48 creatures vanquished.

Notes
Turn   | Place    | Note
-------+----------+-------------------------------------------
     0 | D:1      | AverageBear the Deep Elf Fighter began the quest for the Orb.
     0 | D:1      | Reached XP level 1. HP: 13/13 MP: 3/3
   110 | D:1      | Reached XP level 2. HP: 14/18 MP: 4/4
   390 | D:1      | Reached skill level 3 in Short Blades
   696 | D:1      | Reached XP level 3. HP: 19/22 MP: 5/5
   997 | D:2      | Noticed Jessica
  1004 | D:2      | Killed Jessica
  1004 | D:2      | Reached skill level 4 in Short Blades
  1120 | D:2      | Reached XP level 4. HP: 27/27 MP: 6/6
  1255 | D:2      | Noticed Terence
  1276 | D:2      | Killed Terence
  1358 | D:3      | Reached skill level 5 in Short Blades
  1486 | D:3      | Slain by a bullfrog skeleton

Vault maps used:
D:1:      kennysheep_arrival_forest, wad_floor_pattern_1
D:2:      first_bread, uniq_terence, uniq_jessica
D:3:      tgw_xom, uniq_robin, uniq_sigmund

Skill      XL: |  1  2  3  4 |
---------------+-------------+-----
Short Blades   | 3 4 5 |  5.1
Fighting       | |  2.4
Armour         | |  2.4
Shields        | |  2.4

Action                   |  1- 3 |  4- 6 || total
-------------------------+-------+-------++-------
Melee: Rapier            |   110 |    85 ||   195
  Use: Scroll            |     1 |     7 ||     8
       Potion            |       |     1 ||     1
  Eat: Chunk             |     1 |     1 ||     2
Armor: Scale mail        |    88 |    41 ||   129
Dodge: Dodged            |    55 |    25 ||    80
Block: Shield            |    57 |    41 ||    98

Table legend:
 A = Spawn XP
 B = Non-spawn XP
 C = Spawn XP percentage of total XP
 D = Spawn monster count
 E = Non-spawn monster count
 F = Spawn count percentage of total count
 G = Total turns spent on level
                    A         B        C        D         E        F      G
               +---------+---------+-------+---------+---------+-------+---------
         Total |       0 |     186 |   0.0 |       0 |      48 |   0.0 |  1486
               +---------+---------+-------+---------+---------+-------+---------
           D:1 |       0 |      48 |   0.0 |       0 |      24 |   0.0 |   960
           D:2 |       0 |      99 |   0.0 |       0 |      15 |   0.0 |   370
           D:3 |       0 |      39 |   0.0 |       0 |       9 |   0.0 |   156
               +---------+---------+-------+---------+---------+-------+---------
